[Event "*** SCC Grand Prix: Titled Tuesday Blitz"]
[Site "Chess.com"]
[Date "2020.09.08"]
[Round "9"]
[White "Caracternin123"]
[Black "ShahMatKanal"]
[Result "1-0"]
[WhiteElo "2713"]
[BlackElo "2551"]
[TimeControl "180+1"]
[EndTime "11:45:03 PDT"]
[Termination "Caracternin123 won by resignation"]

1. d4 d5 2. Bf4 c5 3. e3 cxd4 4. exd4 Nc6 5. c3 Nf6 6. Nd2 g6 7. Ngf3 Bg7 8. Be2 O-O 9. O-O Bg4 10. h3 Bxf3 11. Nxf3 a6 12. a4 Rc8 13. Re1 e6 14. Bd3 Na5 15. Nd2 Qb6 16. b4 Rxc3 17. bxa5 Qxd4 18. Be5 Qxd3 19. Re3 Qxe3 20. fxe3 Rxe3 21. Nf3 Re4 22. Rb1 Nd7 23. Bxg7 Kxg7 24. Rxb7 Nc5 25. Rc7 Nxa4 26. Ng5 Nb2 27. Qd2 Nc4 28. Qc3+ Re5 29. Nf3 1-0

[Event "*** SCC Grand Prix: Titled Tuesday Blitz"]
[Site "Chess.com"]
[Date "2020.09.08"]
[Round "9"]
[White "natelleka"]
[Black "Sofiia_Hryzlova"]
[Result "0-1"]
[WhiteElo "2112"]
[BlackElo "2271"]
[TimeControl "180+1"]
[EndTime "11:45:05 PDT"]
[Termination "Sofiia_Hryzlova won on time"]

1. e4 e6 2. d4 d5 3. Nc3 Nc6 4. Nf3 Nf6 5. e5 Ne4 6. Bd3 Bb4 7. Bd2 Nxd2 8. Qxd2 f6 9. exf6 Qxf6 10. O-O O-O 11.
Qe3 h6 12. Ne2 Bd6 13. c3 Bd7 14. Ng3 Rae8 15. Rfe1 e5 16. dxe5 Nxe5 17. Nxe5 Rxe5 18. Qd2 Bc5 19. Rf1 h5 20. c4 h4 21. Nh1 Rg5 22. g3 Bh3 23. cxd5 Qf3 0-1

[Event "*** SCC Grand Prix: Titled Tuesday Blitz"]
[Site "Chess.com"]
[Date "2020.09.08"]
[Round "9"]
[White "albi1999"]
[Black "bsnsun"]
[Result "1/2-1/2"]
[WhiteElo "2626"]
[BlackElo "2435"]
[TimeControl "180+1"]
[EndTime "11:45:06 PDT"]
[Termination "Game drawn by agreement"]

1. d4 Nf6 2. c4 e6 3. Nf3 d5 4.
g3 dxc4 5. Bg2 a6 6. O-O Nc6 7. e3 Rb8 8. Nfd2 e5 9. Bxc6+ bxc6 10. dxe5 Ng4 11. Nxc4 Be6 12. Nbd2 Bb4 13. Qe2 Bxd2 14.
Bxd2 h5 15. Bc3 h4 16. f3 hxg3 17. fxg4 gxh2+ 18. Kh1 Qd5+ 19. e4 Qxc4 20. Qxc4 Bxc4 21. Rf2 Bd3 22. Re1 c5 23. Rxh2 Rxh2+ 24. Kxh2 Ke7 25. e6 fxe6 26. Bxg7 Rg8 27. Be5 Rxg4 28. Bxc7 Bxe4 29. Bg3 Bd5 30. a3 Rc4 31. Re2 Rc1 32. Bf2 c4 33.
Bd4 Kd6 34. Kg3 Rf1 35. Rf2 Rd1 36. Bc3 Rd3+ 37. Kf4 Rd1 38. Rd2 Rxd2 39. Bxd2 e5+ 40. Ke3 Ke6 41. Bc3 1/2-1/2

[Event "*** SCC Grand Prix: Titled Tuesday Blitz"]
[Site "Chess.com"]
[Date "2020.09.08"]
[Round "9"]
[White "romulocardoso"]
[Black "pitterson"]
[Result "1-0"]
[WhiteElo "2055"]
[BlackElo "2205"]
[TimeControl "180+1"]
[EndTime "11:45:12 PDT"]
[Termination "romulocardoso won on time"]

1. e4 c6 2. d4 d5 3. exd5 cxd5 4. c4 Nf6 5. Nc3 g6 6. Nf3 Bg7 7. Bd3 O-O 8. O-O dxc4 9. Bxc4 Nbd7 10. Re1 Nb6 11. Bb3 Bg4 12. h3 Bf5 13. Bg5 h6 14. Bh4 Rc8 15. Qe2 Re8 16. Ne5 Nbd5 17. Bxf6 Nxc3 18.
Bxf7+ Kh7 19. bxc3 exf6 20. Bxe8 Qxe8 21. Nc4 Qc6 22.
Ne3 Be4 23. c4 Qb6 24. c5 Qb4 25. Qc4 Qa5 26. Ng4 f5 27. Ne5 Rd8 28. Qf7 1-0

[Event "*** SCC Grand Prix: Titled Tuesday Blitz"]
[Site "Chess.com"]
[Date "2020.09.08"]
[Round "9"]
[White "giantslayer83"]
[Black "ChessPromotionAlex"]
[Result "1-0"]
[WhiteElo "2701"]
[BlackElo "2512"]
[TimeControl "180+1"]
[EndTime "11:45:14 PDT"]
[Termination "giantslayer83 won by resignation"]

1. d4 Nf6 2. Bg5 Ne4 3. Bf4 c5 4. f3 Qa5+ 5. c3 Nf6 6. d5 g6 7. e4 d6 8. Nd2 Bg7 9. a4 O-O 10.
Nc4 Qd8 11. Qd2 b6 12. Ne2 Ba6 13. Ng3 Nbd7 14. Bh6 Bxc4 15. Bxc4 a6 16. h4 Ne5 17. Be2 b5 18. h5 e6 19. hxg6 fxg6 20. Bxg7 Kxg7 21.
dxe6 Qe7 22. f4 Nc4 23. Bxc4 bxc4 24. f5 g5 25. Qxg5+ Kh8 26. Nh5 Rab8 27. Nxf6 Rxf6 28. O-O-O Rxe6 29. Rxh7+ Qxh7 30. fxe6 Rf8 31. e7 Re8 32. Rxd6 1-0

[Event "*** SCC Grand Prix: Titled Tuesday Blitz"]
[Site "Chess.com"]
[Date "2020.09.08"]
[Round "9"]
[White "Firouzja2003"]
[Black "jefferyx"]
[Result "1-0"]
[WhiteElo "3001"]
[BlackElo "2926"]
[TimeControl "180+1"]
[EndTime "11:45:16 PDT"]
[Termination "Firouzja2003 won by resignation"]

1. d4 Nf6 2. Nf3 g6 3. g3 Bg7 4. Bg2 O-O 5. O-O c5 6. d5 d6 7. Nc3 Na6 8. h3 Nc7 9. a4 b6 10. e4 Nd7 11. Bf4 a6 12. Re1 Ne5 13. Nxe5 dxe5 14.
Be3 Qd6 15. Nb1 Bd7 16. Nd2 b5 17. Nb3 c4 18. Nc5 Rfb8 19. axb5 axb5 20. Qe2 Bc8 21.
b4 cxb3 22. cxb3 b4 23. Qc4 e6 24. Rad1 exd5 25. exd5 Ba6 26. Nxa6 Nxa6 27. Qc6 Bf8 28. Rc1 Qd8 29. d6 Ra7 30. Bxa7 1-0

[Event "*** SCC Grand Prix: Titled Tuesday Blitz"]
[Site "Chess.com"]
[Date "2020.09.08"]
[Round "9"]
[White "Kotofeyca"]
[Black "Schandenfreude"]
[Result "0-1"]
[WhiteElo "2347"]
[BlackElo "2511"]
[TimeControl "180+1"]
[EndTime "11:45:16 PDT"]
[Termination "Schandenfreude won on time"]

1. d4 e6 2. c4 Nf6 3. Nc3 Bb4 4.
Qc2 O-O 5. e3 c5 6. Ne2 cxd4 7.
exd4 d5 8. a3 Be7 9. cxd5 Nxd5 10.
Bd2 Nc6 11. Nxd5 Qxd5 12. Bc3 Bf6 13. O-O-O b6 14. Nf4 Bg5 15. Bd2 Qd6 16. Ne2 Bxd2+ 17.
Qxd2 Ba6 18. d5 Na5 19. Kb1 Rfd8 0-1

[Event "*** SCC Grand Prix: Titled Tuesday Blitz"]
[Site "Chess.com"]
[Date "2020.09.08"]
[Round "9"]
[White "sodastream007"]
[Black "Vuk2000"]
[Result "1-0"]
[WhiteElo "2574"]
[BlackElo "2715"]
[TimeControl "180+1"]
[EndTime "11:45:17 PDT"]
[Termination "sodastream007 won by resignation"]

1. d4 Nf6 2. c4 e6 3. g3 d5 4.
Nf3 Be7 5. Bg2 O-O 6. O-O dxc4 7.
Qc2 a6 8. Qxc4 b5 9. Qc2 Bb7 10. Bf4 Nc6 11. Rd1 Nb4 12. Qc1 Rc8 13. Nc3 Nbd5 14.
Nxd5 Nxd5 15. Bg5 h6 16. Bxe7 Qxe7 17. Qc5 Qxc5 18. dxc5 Nf6 19. Ne5 Bxg2 20. Kxg2 Ne4 21. Nc6 Rfe8 22. b4 e5 23. a4 Nc3 24. Rd7 bxa4 25. Ne7+ Rxe7 26. Rxe7 f6 27. Ra3 Nd5 28. Rd7 Nxb4 29. Rxa4 Nc6 30. Rxa6 Nd4 31. e3 Nb3 32.
Rc6 Kf8 33. Rdxc7 Rb8 34. Rb6 1-0

[Event "*** SCC Grand Prix: Titled Tuesday Blitz"]
[Site "Chess.com"]
[Date "2020.09.08"]
[Round "9"]
[White "Iball95"]
[Black "aliba25"]
[Result "1-0"]
[WhiteElo "2734"]
[BlackElo "2575"]
[TimeControl "180+1"]
[EndTime "11:45:18 PDT"]
[Termination "Iball95 won by resignation"]

1. d4 Nf6 2. Nf3 b5 3. e3 a6 4. c4 bxc4 5. Bxc4 e6 6. O-O Bb7 7. b3 Be7 8. Bb2 O-O 9. Nbd2 d6 10. Rc1 Nbd7 11. Qc2 Rc8 12. Rfd1 c5 13. Qd3 Qb6 14. dxc5 Nxc5 15. Qd4 e5 16. Qh4 d5 17. Bf1 e4 18.
Nd4 g6 19. h3 Rfe8 20. Qh6 Bf8 21. Qf4 Bg7 22. Ba3 Nh5 23. Qh4 f5 24. Nxf5 Bf6 25.
Qg4 Nd3 26. Bxd3 exd3 27. Nd6 Rxc1 28. Rxc1 Rd8 29. Qe6+ Kg7 30. Nf5+ gxf5 31. Qxb6 1-0

[Event "*** SCC Grand Prix: Titled Tuesday Blitz"]
[Site "Chess.com"]
[Date "2020.09.08"]
[Round "9"]
[White "mbojan"]
[Black "Reader777"]
[Result "1-0"]
[WhiteElo "2796"]
[BlackElo "2672"]
[TimeControl "180+1"]
[EndTime "11:45:25 PDT"]
[Termination "mbojan won by checkmate"]

1. e4 c5 2. Nf3 d6 3. d4 cxd4 4. Nxd4 Nf6 5. Nc3 a6 6. Bg5 Nbd7 7. Qe2 h6 8. Bh4 Qc7 9. O-O-O g6 10. Bxf6 Nxf6 11. e5 dxe5 12. Ndb5 axb5 13. Nxb5 Qb8 14. Qc4 Bd7 15. Nc7+ Kd8 16. Nxa8 Qxa8 17. Qxf7 Kc7 18.
Rxd7+ Nxd7 19. Bb5 Qa5 20. Bxd7 Kxd7 21. Rd1+ Kc7 22.
Qe8 Qxa2 23. Qd8+ Kc6 24. Rd3 Qa1+ 25. Kd2 e6 26. Qd7+ Kb6 27. Rb3+ Kc5 28. Rb5+ Kc4 29. b3# 1-0

[Event "*** SCC Grand Prix: Titled Tuesday Blitz"]
[Site "Chess.com"]
[Date "2020.09.08"]
[Round "9"]
[White "Artyom_ChessMate"]
[Black "RaunakSadhwani2005"]
[Result "0-1"]
[WhiteElo "2570"]
[BlackElo "2847"]
[TimeControl "180+1"]
[EndTime "11:45:25 PDT"]
[Termination "RaunakSadhwani2005 won on time"]

1. e4 c6 2. d4 d5 3. exd5 Qxd5 4. Bd3 Qxg2 5. Qf3 Qxf3 6. Nxf3 Nf6 7. c3 Bg4 8. Ne5 Bh5 9. f4 Nbd7 10. Be3 e6 11. Nd2 O-O-O 12. Be2 Bg6 13. h4 Nxe5 14.
fxe5 Nd5 15. Kf2 Nxe3 16. Kxe3 h5 17. Raf1 Be7 18. Bd3 Bxd3 19. Kxd3 Rhf8 20. Ne4 f5 21. exf6 gxf6 22. Rhg1 Rg8 23. Ng3 Rh8 24. Ne4 Rdg8 25.
Ke2 f5 26. Ng5 Rg6 27. Rg2 Rhg8 28. Rfg1 Bxg5 29. Rxg5 Rxg5 30. hxg5 Kd7 31. Kf3 Ke7 32. Kf4 h4 33. Rh1 Rh8 34. c4 Kf7 35. d5 cxd5 36.
cxd5 exd5 37. Kxf5 h3 38. Rh2 d4 39. b4 d3 40. g6+ Kg7 41. Kg5 Rh6 42. Kf5 Rh5+ 43. Kg4 Kxg6 0-1

[Event "*** SCC Grand Prix: Titled Tuesday Blitz"]
[Site "Chess.com"]
[Date "2020.09.08"]
[Round "9"]
[White "lider34"]
[Black "Zmof"]
[Result "1-0"]
[WhiteElo "2402"]
[BlackElo "2234"]
[TimeControl "180+1"]
[EndTime "11:45:26 PDT"]
[Termination "lider34 won by resignation"]

1. e4 c5 2. c3 d6 3. d4 Nf6 4.
Bd3 e5 5. Nf3 Nc6 6. dxe5 dxe5 7. h3 Be7 8. O-O O-O 9. Qe2 h6 10. Rd1 Qc7 11. Na3 Be6 12. Bc4 Bxc4 13. Nxc4 Rad8 14.
Bd2 Kh7 15. a4 g6 16. Qe3 Ng8 17. a5 Kg7 18. b3 Rd7 19. a6 b6 20. Be1 Rfd8 21.
Qe2 Rxd1 22. Rxd1 Rxd1 23. Qxd1 Nf6 24. Qd3 b5 25. Ne3 Qb6 26. Nd5 Qxa6 27. Nxe7 Nxe7 28. Nxe5 Qe6 29. f4 Qxb3 30. Qd6 Qe6 31. Qxc5 Nxe4 32.
Qxa7 Qd5 33. Qxe7 1-0

[Event "*** SCC Grand Prix: Titled Tuesday Blitz"]
[Site "Chess.com"]
[Date "2020.09.08"]
[Round "9"]
[White "Beltraxtor"]
[Black "ARTHURMOTIVATOR"]
[Result "1-0"]
[WhiteElo "2593"]
[BlackElo "2377"]
[TimeControl "180+1"]
[EndTime "11:45:30 PDT"]
[Termination "Beltraxtor won by resignation"]

1. e4 c6 2. d4 d5 3. Nd2 dxe4 4.
Nxe4 Nf6 5. Nxf6+ gxf6 6. c3 h5 7.
Bf4 Bg4 8. Nf3 e6 9. Be2 Bd6 10.
Qd2 Bxf4 11. Qxf4 Nd7 12. O-O Qb8 13. Qe3 Qc7 14. Rfe1 O-O-O 15. Rad1 Rhg8 16. Nd2 Nb6 17. Qg3 e5 18. Bxg4+ Rxg4 19. Qh3 exd4 20. f3 dxc3 21. bxc3 Qf4 22. fxg4 Rxd2 23. Rxd2 Qxd2 24. gxh5+ Kd8 25. Qe3 Qd7 26. h6 Nd5 27. Qe8+ 1-0

[Event "*** SCC Grand Prix: Titled Tuesday Blitz"]
[Site "Chess.com"]
[Date "2020.09.08"]
[Round "9"]
[White "Resignify"]
[Black "WiktoriaPOL"]
[Result "1-0"]
[WhiteElo "2221"]
[BlackElo "1970"]
[TimeControl "180+1"]
[EndTime "11:45:32 PDT"]
[Termination "Resignify won by checkmate"]

1. e4 c5 2. Nc3 a6 3. g3 b5 4. Bg2 Bb7 5. d3 g6 6. f4 Bg7 7. Nf3 Nc6 8. O-O e6 9. e5 d6 10. exd6 Qxd6 11. Ne4 Qe7 12. c3 Nf6 13. Qe2 O-O 14. Be3 Nxe4 15. dxe4 c4 16. Rfd1 Rfd8 17. e5 f6 18. exf6 Bxf6 19. Bb6 Rxd1+ 20. Rxd1 e5 21. Nxe5 Bxe5 22. Bd5+ Kh8 23. fxe5 Re8 24. e6 Nd8 25. Bd4+ Kg8 26. Qe5 Nxe6 27. Bxe6+ Qxe6 28. Qg7# 1-0

[Event "*** SCC Grand Prix: Titled Tuesday Blitz"]
[Site "Chess.com"]
[Date "2020.09.08"]
[Round "9"]
[White "hellokostya"]
[Black "abykhovsky"]
[Result "1-0"]
[WhiteElo "2510"]
[BlackElo "2633"]
[TimeControl "180+1"]
[EndTime "11:45:33 PDT"]
[Termination "hellokostya won by resignation"]

1. d4 Nf6 2. c4 c5 3. d5 b5 4. Qc2 b4 5. e4 g6 6. Nf3 Bg7 7. h3 O-O 8. Be2 a5 9. O-O d6 10.
Re1 a4 11. Bf4 a3 12. e5 axb2 13. Qxb2 Nfd7 14. Nbd2 Nb6 15. Qc2 Ra3 16. Nb3 N8d7 17. Bd3 dxe5 18. Nxe5 Nxe5 19. Bxe5 Bxe5 20. Rxe5 Qd6 21.
Rae1 Na4 22. Rxe7 Nc3 23. Nc1 Bd7 24. Qd2 Rfa8 25. Qh6 Nxa2 26. Rxf7 Kxf7 27. Qxh7+ Kf8 28. Bxg6 Qf6 29. Re7 Be8 30. Re6 Bxg6 31. Rxf6+ 1-0

[Event "*** SCC Grand Prix: Titled Tuesday Blitz"]
[Site "Chess.com"]
[Date "2020.09.08"]
[Round "9"]
[White "MashaFromRussia"]
[Black "chessmadara"]
[Result "1-0"]
[WhiteElo "2364"]
[BlackElo "1971"]
[TimeControl "180+1"]
[EndTime "11:45:34 PDT"]
[Termination "MashaFromRussia won by resignation"]

1. d4 Nf6 2. c4 g6 3. Nf3 Bg7 4. g3 O-O 5. Bg2 c5 6. d5 e6 7. Nc3 exd5 8. cxd5 d6 9. O-O Re8 10. Nd2 a6 11. a4 Nbd7 12. h3 b6 13. Nc4 Nf8 14. e4 Rb8 15. Bf4 Nh5 16. Bxd6 Rb7 17. e5 b5 18. axb5 axb5 19. Na5 Rb6 20. Bxc5 Ra6 21. Nc6 Qd7 22. Rxa6 Bxa6 23. e6 fxe6 24.
Bxf8 Bxf8 25. dxe6 Qc7 26. e7 Bh6 27. Qd4 Bg7 28. Qd5+ Kh8 29. Ne4 Bb7 30. Ng5 Bf6 31.
Qf7 Ng7 32. Qxf6 1-0

[Event "*** SCC Grand Prix: Titled Tuesday Blitz"]
[Site "Chess.com"]
[Date "2020.09.08"]
[Round "9"]
[White "AntonovaNadezhda"]
[Black "The_Machine04"]
[Result "0-1"]
[WhiteElo "2065"]
[BlackElo "2270"]
[TimeControl "180+1"]
[EndTime "11:45:34 PDT"]
[Termination "The_Machine04 won by checkmate"]

1. d4 d6 2. Nf3 Nf6 3. Nbd2 Bf5 4. e3 g6 5. Be2 Bg7 6. O-O O-O 7. b4 Nc6 8. c3 a6 9. Bb2 e5 10. a3 e4 11. Ne1 d5 12. c4 h5 13. Qb3 Ne7 14. c5 c6 15. a4 Ng4 16. g3 Nf6 17. Ng2 Nh7 18. h4 Bg4 19. Bxg4 hxg4 20. Qd1 f5 21.
Nf4 Kf7 22. Kg2 g5 23. hxg5 Nxg5 24. Rh1 Rh8 25. Qb3 Nf3 26. Qc2 Ng6 27. Rxh8 Qxh8 28. Rh1 Qxh1+ 29. Kxh1 Rh8+ 30. Kg2 Rh2+ 31. Kf1 Rh1+ 32.
Ke2 Re1# 0-1

[Event "*** SCC Grand Prix: Titled Tuesday Blitz"]
[Site "Chess.com"]
[Date "2020.09.08"]
[Round "9"]
[White "niki_2003"]
[Black "chessfrendz"]
[Result "0-1"]
[WhiteElo "1668"]
[BlackElo "2266"]
[TimeControl "180+1"]
[EndTime "11:45:37 PDT"]
[Termination "chessfrendz won by checkmate"]

1. d4 c5 2. d5 g6 3. c4 Bg7 4. Nf3 f5 5. g3 Nf6 6. Bg2 O-O 7. Nc3 d6 8. Nd2 h6 9. O-O Nbd7 10. e4 fxe4 11.
Ndxe4 Nxe4 12. Bxe4 g5 13. Bc2 Nf6 14. Rb1 Bh3 15.
Re1 Qd7 16. Qe2 Ng4 17. Qe4 Rxf2 18. Qh7+ Kf8 19. Ne4 Rxc2 20. Rf1+ Bxf1 21. Nxc5 dxc5 22. Qxc2 Bh3 23. b4 Bd4+ 24. Kh1 Nf2+ 25. Kg1 Qg4 26. Bb2 Nd3+ 27. Bxd4 Qxd4+ 28. Kh1 Qe4+ 29. Kg1 Qe3+ 30. Kh1 Nf2+ 31. Kg1 Nd1+ 32. Kh1 Qe1# 0-1

[Event "*** SCC Grand Prix: Titled Tuesday Blitz"]
[Site "Chess.com"]
[Date "2020.09.08"]
[Round "9"]
[White "SeedToTree"]
[Black "Martins-BR"]
[Result "1-0"]
[WhiteElo "2516"]
[BlackElo "2261"]
[TimeControl "180+1"]
[EndTime "11:45:41 PDT"]
[Termination "SeedToTree won on time"]

1. e4 c5 2. f4 d5 3. exd5 Nf6 4. Bb5+ Bd7 5. Bxd7+ Nbxd7 6. c4 b5 7. d3 Nb6 8.
Qe2 g6 9. b3 Bg7 10. Bb2 O-O 11. Nf3 a5 12. O-O a4 13. Nbd2 axb3 14. axb3 Rxa1 15.
Bxa1 b4 16. Ne5 Re8 17. Ne4 Nbd7 18. Nxf7 Qb6 19. Nfg5 Nxe4 20. Bxg7 Nxg5 21. Bb2 Nf7 22. f5 g5 23. Qe6 Qd6 24. Re1 Nf8 25. Qe3 Qd7 26. Rf1 Qd6 27. d4 Rc8 28. dxc5 Qxc5 29. Bd4 Qd6 30. Re1 Rc7 31. Rf1 Rd7 32. Qf3 Qh6 33.
Re1 Qh4 34. Re4 Qh6 35. g3 Qa6 36. Kg2 Qa2+ 37. Re2 Qb1 38. f6 1-0

[Event "*** SCC Grand Prix: Titled Tuesday Blitz"]
[Site "Chess.com"]
[Date "2020.09.08"]
[Round "9"]
[White "KubaGepard"]
[Black "CaspiIsrael"]
[Result "0-1"]
[WhiteElo "2401"]
[BlackElo "2636"]
[TimeControl "180+1"]
[EndTime "11:45:46 PDT"]
[Termination "CaspiIsrael won by resignation"]

1. d4 f5 2. Nf3 Nf6 3. g3 g6 4. Bg2 Bg7 5. O-O O-O 6. c4 d6 7. Nc3 c6 8. Qc2 Na6 9. a3 Qe8 10. b4 e5 11. dxe5 dxe5 12. e4 Nc7 13. Bb2 f4 14. Nxe5 Qxe5 15. Nd5 Qxb2 16. Ne7+ Kf7 17. Qxb2 Kxe7 18. e5 Nh5 19. Qd4 Ne6 20. Qd6+ Kf7 21.
Bh3 Rd8 22. Bxe6+ Bxe6 23. Qc7+ Rd7 24. Qa5 Bxc4 25. Rfe1 Be6 26. Rad1 Re7 27. Rd6 fxg3 28. hxg3 a6 29. Qc5 Rae8 30. Qe3 Kg8 31. f4 Bf7 32. g4 Nf6 33. Qg3 Nd5 34. Kg2 g5 35. fxg5 Bxe5 36. Rxe5 Rxe5 37. Qf3 Rxg5 38. Rd7 Rg7 0-1

[Event "*** SCC Grand Prix: Titled Tuesday Blitz"]
[Site "Chess.com"]
[Date "2020.09.08"]
[Round "9"]
[White "belisarius64"]
[Black "Gabix_94"]
[Result "0-1"]
[WhiteElo "2677"]
[BlackElo "2846"]
[TimeControl "180+1"]
[EndTime "11:45:47 PDT"]
[Termination "Gabix_94 won by resignation"]

1. e4 c5 2. Nf3 Nc6 3. Bb5 Na5 4.
O-O a6 5. Be2 d6 6. d4 cxd4 7.
Nxd4 Nf6 8. Nc3 g6 9. f4 Nd7 10.
Be3 Bg7 11. Qd2 O-O 12. Kh1 e6 13. f5 Ne5 14. b3 Nac6 15. Nxc6 bxc6 16. Bg5 f6 17. Bh6 exf5 18. Rad1 fxe4 19. Bxg7 Kxg7 20. Nxe4 d5 21. c4 Be6 22. Nc5 Bg8 23. Qb4 Qe7 24. Nxa6 Qxb4 25. Nxb4 dxc4 26. Bxc4 Bxc4 27. bxc4 Rfb8 28. Nd3 Nxc4 29. Nc5 Ne3 30. Rd7+ Kh6 31. Re1 Rxa2 32. h3 Nxg2 33. Ree7 Rb1+ 34. Kh2 Nh4+ 0-1

[Event "*** SCC Grand Prix: Titled Tuesday Blitz"]
[Site "Chess.com"]
[Date "2020.09.08"]
[Round "9"]
[White "Mambastik-Fantastic"]
[Black "picturesquecheck"]
[Result "1-0"]
[WhiteElo "2301"]
[BlackElo "2151"]
[TimeControl "180+1"]
[EndTime "11:45:48 PDT"]
[Termination "Mambastik-Fantastic won by resignation"]

1. e4 c5 2. Nf3 Nc6 3. d4 cxd4 4. Nxd4 Nf6 5. Nc3 d6 6. Be2 e5 7. Nf3 h6 8. h3 Be7 9. O-O O-O 10. Re1 Be6 11.
Bf1 Rc8 12. a4 Re8 13. Nd5 Bxd5 14. exd5 Nb4 15. c4 a5 16. b3 Nd7 17. Bb2 f5 18. Rc1 Bf6 19. Qd2 Nc5 20. Qd1 e4 21.
Bxf6 Qxf6 22. Nd4 Ncd3 23. Ne6 Nxc1 24. Qxc1 Kh8 25. Qf4 g5 26. Qxd6 Nc2 27. Rd1 f4 28. Qd7 e3 29. fxe3 Nxe3 30. Re1 Nc2 31. Bd3 Qe7 32.
Qxe7 Rxe7 33. Bxc2 1-0

[Event "*** SCC Grand Prix: Titled Tuesday Blitz"]
[Site "Chess.com"]
[Date "2020.09.08"]
[Round "9"]
[White "ChessWarrior7197"]
[Black "kirillshevchenko"]
[Result "1/2-1/2"]
[WhiteElo "2952"]
[BlackElo "2873"]
[TimeControl "180+1"]
[EndTime "11:45:49 PDT"]
[Termination "Game drawn by agreement"]

1. e4 c5 2. Nf3 d6 3. d4 cxd4 4.
Nxd4 Nf6 5. Nc3 Nc6 6. g3 g6 7.
Bg2 Nxd4 8. Qxd4 Bg7 9. O-O O-O 10. Qd1 Bg4 11. Qd3 Rc8 12. Bg5 Qa5 13. Bd2 Qc7 14. Rfe1 Rfd8 15. Rac1 a6 16. b3 b5 17. a4 b4 18. Nd1 a5 19. Ne3 Be6 20. c3 bxc3 21.
Rxc3 Qb6 22. Nc4 Bxc4 23. Rxc4 Ng4 24. Qe2 Rxc4 25. bxc4 Ne5 26. Kh1 Rc8 27. Rc1 Qb2 28. Bf1 Qa3 29. f4 Nc6 30. Qd1 Nb4 31. Rb1 Qa2 32.
Bxb4 axb4 33. Rxb4 Qf2 34. Qe2 1/2-1/2

[Event "*** SCC Grand Prix: Titled Tuesday Blitz"]
[Site "Chess.com"]
[Date "2020.09.08"]
[Round "9"]
[White "AldokhinIvan"]
[Black "enriquebutti"]
[Result "1-0"]
[WhiteElo "2575"]
[BlackElo "1873"]
[TimeControl "180+1"]
[EndTime "11:45:52 PDT"]
[Termination "AldokhinIvan won by resignation"]

1. e4 c5 2. Nf3 d6 3. d4 cxd4 4. Nxd4 Nf6 5. Nc3 a6 6. Bc4 e6 7. Bb3 b5 8. O-O Bb7 9. Re1 Nbd7 10. Qf3 Nc5 11. Bd5 exd5 12. exd5+ Kd7 13. b4 Na4 14. Nxa4 bxa4 15. c4 Rc8 16. Qh3+ Kc7 17. Bf4 Kb8 18. Qd3 Ka8 19. b5 axb5 20. Nxb5 Qb6 21. Rab1 Qc5 22. Rec1 Ne4 23. Qxe4 Ba6 24. Be3 1-0

[Event "*** SCC Grand Prix: Titled Tuesday Blitz"]
[Site "Chess.com"]
[Date "2020.09.08"]
[Round "9"]
[White "seorobert1971"]
[Black "Susal_De_Silva"]
[Result "1-0"]
[WhiteElo "2691"]
[BlackElo "2515"]
[TimeControl "180+1"]
[EndTime "11:45:53 PDT"]
[Termination "seorobert1971 won by resignation"]

1. c4 e5 2. Nc3 Nf6 3. Nf3 Nc6 4. e3 d5 5. cxd5 Nxd5 6. Bb5 Nxc3 7. bxc3 Bd6 8. d4 exd4 9. cxd4 O-O 10. O-O Ne7 11.
e4 c6 12. Bc4 Ng6 13. h3 a5 14. a3 Bc7 15. Be3 Qe7 16. Qc2 Qd7 17. Rfd1 Qe7 18. Be2 Re8 19. Bd3 Bf4 20. e5 Bxe3 21. fxe3 Be6 22.
Nd2 c5 23. Ne4 cxd4 24. exd4 a4 25. Qf2 Red8 26. Nd6 f6 27. Bxg6 hxg6 28. Qg3 Bf7 29.
Rab1 Rd7 30. Re1 Ra5 31. Nxf7 Rxd4 32. e6 Rd2 33. Qb8+ Qf8 34. Rxb7 Re5 1-0

[Event "*** SCC Grand Prix: Titled Tuesday Blitz"]
[Site "Chess.com"]
[Date "2020.09.08"]
[Round "9"]
[White "Hikaru"]
[Black "Izoria123"]
[Result "1-0"]
[WhiteElo "3198"]
[BlackElo "2878"]
[TimeControl "180+1"]
[EndTime "11:45:55 PDT"]
[Termination "Hikaru won by resignation"]

1. Nf3 d5 2. e3 Nf6 3. b3 g6 4. Bb2 Bg7 5. c4 dxc4 6. Bxc4 O-O 7. d4 c5 8. O-O cxd4 9. Nxd4 Bd7 10. Nd2 Nc6 11.
N2f3 Nxd4 12. Bxd4 Bc6 13. Qe2 Bd5 14. Rfd1 Bxc4 15.
Qxc4 Qa5 16. Rac1 Rfd8 17. h3 Qd5 18. Qc2 Qe4 19. Qc4 Qd5 20. Qb4 Qd6 21. Qxd6 Rxd6 22. Rc7 Ra6 23. Rxe7 Rxa2 24. Rxb7 Ne4 25. Bxg7 Kxg7 26.
Rd4 Re8 27. Rdd7 Rf8 28. Ne5 Rxf2 29. Rb4 Rf5 30. Rxe4 Re8 31. Nxf7 1-0

[Event "*** SCC Grand Prix: Titled Tuesday Blitz"]
[Site "Chess.com"]
[Date "2020.09.08"]
[Round "9"]
[White "Alexander_Zubov"]
[Black "1stSecond"]
[Result "1-0"]
[WhiteElo "2961"]
[BlackElo "2793"]
[TimeControl "180+1"]
[EndTime "11:45:55 PDT"]
[Termination "Alexander_Zubov won by resignation"]

1. d4 Nf6 2. Nf3 e6 3. c4 c5 4. d5 exd5 5. cxd5 g6 6. Nc3 d6 7.
Nd2 Bg7 8. Nc4 O-O 9. Bf4 Ne8 10. Qd2 a6 11. a4 Qe7 12. Nb6 Nc7 13. Nxa8 Nxa8 14.
g3 Nb6 15. Bg2 Nc4 16. Qc1 b5 17. axb5 axb5 18. Nxb5 Nxb2 19. O-O Qxe2 20. Nc3 Qc4 21. Qxb2 Qxc3 22. Qxb8 Ba6 23. Qxd6 Bxf1 24. Rxf1 c4 25. Qc7 Qd4 26. d6 c3 27. d7 Bf6 28. Bh6 Rd8 29. Re1 1-0

[Event "*** SCC Grand Prix: Titled Tuesday Blitz"]
[Site "Chess.com"]
[Date "2020.09.08"]
[Round "9"]
[White "Snegokhod"]
[Black "NikolaGry"]
[Result "1/2-1/2"]
[WhiteElo "2404"]
[BlackElo "2597"]
[TimeControl "180+1"]
[EndTime "11:45:55 PDT"]
[Termination "Game drawn by repetition"]

1. e4 e5 2. Nf3 d6 3. d4 exd4 4. Nxd4 Nf6 5. Nc3 g6 6. Bc4 Bg7 7. O-O O-O 8. Bb3 Nc6 9. Nxc6 bxc6 10. Re1 Be6 11. Bg5 h6 12. Bf4 Nd7 13. Qd2 Kh7 14.
Bxe6 fxe6 15. Be3 c5 16. f4 Rb8 17. b3 Rb4 18. a3 Bxc3 19. Qxc3 Rxe4 20. Qd3 Nf6 21. Bd2 d5 22. g3 Rxe1+ 23. Rxe1 Ne4 24.
Bc1 Qf6 25. Qa6 Qc3 26. Rf1 Qd4+ 27. Kg2 Nd6 28. Qxa7 Qe4+ 29. Kg1 Qd4+ 30. Kg2 Qe4+ 31. Kg1 Qd4+ 32. Kg2 1/2-1/2

[Event "*** SCC Grand Prix: Titled Tuesday Blitz"]
[Site "Chess.com"]
[Date "2020.09.08"]
[Round "9"]
[White "Cambek64"]
[Black "MYMChessAcademy"]
[Result "0-1"]
[WhiteElo "2243"]
[BlackElo "2082"]
[TimeControl "180+1"]
[EndTime "11:45:55 PDT"]
[Termination "MYMChessAcademy won by checkmate"]

1. e4 c5 2. Nc3 d6 3. Bc4 e6 4. d3 a6 5. f4 b5 6. Bb3 Bb7 7. Nf3 Nd7 8. O-O Ngf6 9. a3 Be7 10.
h3 O-O 11. g4 h6 12. f5 d5 13. Qe1 dxe4 14. Nxe4 Nxe4 15. dxe4 c4 16. Ba2 exf5 17. exf5 Re8 18. Qg3 Bc5+ 19. Kh1 Nf6 20. Bf4 Ne4 21.
Qg2 c3 22. b4 Bd6 23. Rad1 Qe7 24. Bxd6 Nxd6 25. Rfe1 Bxf3 26. Qxf3 Qxe1+ 27. Rxe1 Rxe1+ 28. Kg2 Rae8 29. Qd5 R8e2+ 30. Kg3 Ne4+ 31. Kh4 Ng5 32. Kh5 Rh2 33. h4 Reh1 34. Qxf7+ Nxf7 35. Kg6 Rxh4 36. Bxf7+ Kf8 37. Be6 Rxg4+ 38. Kh7 h5 39. f6 gxf6 40.
a4 Rxb4 41. axb5 axb5 42. Kh8 h4 43. Bd5 Rg1 44. Bf3 h3 45. Bh5 Rh4 46. Kh7 Rxh5# 0-1